 Dungeon Crawl Stone Soup version 0.17.0-24-gcfadda4 (console) character file.

99 Kloppie the Gusty (level 4, 0/27 HPs)
             Began as a High Elf Air Elementalist on Nov 15, 2015.
             Slain by an adder (1 damage)
             ... on level 3 of the Dungeon.
             The game lasted 00:04:58 (2148 turns).

Kloppie the Gusty (High Elf Air Elementalist)       Turns: 2148, Time: 00:04:58

Health: 0/27       AC:  2    Str:  7    XL:     4   Next: 45%
Magic:  0/8        EV: 13    Int: 19    God:
Gold:   78         SH:  0    Dex: 16    Spells: 1 memorised, 6 levels left

rFire  . . .     SeeInvis .     f - +0 short sword
rCold  . . .     Clarity  .     a - +0 robe
rNeg   . . .     SustAt   .     (no shield)
rPois  .         Gourm    .     (no helmet)
rElec  .         Spirit   .     (no cloak)
rCorr  .         Warding  .     (no gloves)
rMut   .         Stasis   .     (no boots)
MR     .....                    (no amulet)
Stlth  ++........               (no ring)
                                (no ring)

@: lethally poisoned (0 -> -4), not resistant to hostile enchantments,
unstealthy
A: no striking features
a: no special abilities


You were on level 3 of the Dungeon.
You were not hungry.

You visited 1 branch of the dungeon, and saw 3 of its levels.

You collected 78 gold pieces.

Inventory:

Hand Weapons
 f - a +0 short sword (weapon)
Armour
 a - a +0 robe (worn)
Scrolls
 d - a scroll of random uselessness {unknown}
 e - 3 scrolls of identify {unknown}
 g - a scroll of teleportation {unknown}
 h - 4 scrolls of recharging {unknown}
 j - a scroll of fog {unknown}
 l - a scroll of enchant armour {unknown}
Potions
 i - a potion of lignification {unknown}
 m - a potion of resistance {unknown}
 n - a potion of might {unknown}
Books
 b - a book of Air

   Spells                             Type                      Level
   a - Shock                          Conjuration/Air              1
   b - Swiftness                      Charms/Air                   2
   c - Repel Missiles                 Charms/Air                   2
   d - Static Discharge               Conjuration/Air              3
   e - Lightning Bolt                 Conjuration/Air              5
Comestibles
 c - a bread ration
 k - a meat ration
 o - 2 chunks of flesh


   Skills:
 - Level 2.1 Dodging
 - Level 2.1 Stealth
 - Level 2.4 Spellcasting
 + Level 3.5 Conjurations
 + Level 5.0 Air Magic


You had 6 spell levels left.
You knew the following spells:

 Your Spells              Type           Power        Failure   Level  Hunger
a - Shock                 Conj/Air       ###.         3%          1    #......


Dungeon Overview and Level Annotations

Branches:
Dungeon (3/15)

Altars:

Annotations:
D:2 2 exclusions, Ijyb


Message History

* * * LOW HITPOINT WARNING * * *
You feel sick. The adder closely misses you. The adder closely misses you.
You miss the adder.
The adder is severely wounded.
* * * LOW HITPOINT WARNING * * *
You feel sick. The adder closely misses you.
You miss the adder.
The adder is severely wounded.
The adder barely misses you. The adder misses you.
You closely miss the adder.
The adder is severely wounded.
* * * LOW HITPOINT WARNING * * *
You feel sick. The adder completely misses you.
You barely miss the adder.
The adder is severely wounded.
The adder barely misses you.
You miss the adder.
The adder is severely wounded.
The adder bites you.
You die...

........###..# .
...!..).....# .#
........##..###.##.
......####.........
.####..............
######.........
##...###..
#####S.## #...@.##
#..##..# # #...#
#...# #<..# #...#
#...... #...####
#...#


You could see an adder.

Vanquished Creatures
  Natasha (thrice) (D:2)
  2 adders (D:2)
  4 giant geckos
  3 giant cockroaches
  5 goblins
  6 hobgoblins
  4 jackals
  7 kobolds
  3 bats
  A giant newt (D:1)
  4 rats
42 creatures vanquished.

Notes
Turn   | Place    | Note
--------------------------------------------------------------
     0 | D:1      | Kloppie the High Elf Air Elementalist began the quest for the Orb.
     0 | D:1      | Reached XP level 1. HP: 11/11 MP: 4/4
   503 | D:1      | Reached skill level 4 in Air Magic
   588 | D:1      | Reached XP level 2. HP: 17/17 MP: 4/6
   972 | D:2      | Reached XP level 3. HP: 21/21 MP: 0/7
  1043 | D:2      | Noticed Natasha
  1054 | D:2      | Killed Natasha
  1430 | D:2      | Noticed Ijyb
  1473 | D:2      | Noticed Natasha
  1479 | D:2      | Killed Natasha
  1479 | D:2      | Reached XP level 4. HP: 27/27 MP: 1/8
  1620 | D:2      | Reached skill level 5 in Air Magic
  1647 | D:2      | Noticed Natasha
  1656 | D:2      | Killed Natasha
  2146 | D:3      | HP: 1/27 [poisoned by an adder]
  2148 | D:3      | Slain by an adder

Action                   |  1- 3 |  4- 6 || total
-------------------------+-------+-------++-------
Melee: Short sword       |    10 |     5 ||    15
 Cast: Shock             |    61 |    35 ||    96
  Eat: Chunk             |     1 |     3 ||     4
